 Dungeon Crawl Stone Soup version 0.31-a0-229-g1fc7ce93e2 (webtiles) character file.

Game seed: 4269802535419998095

39 qw the Shooter (level 3, -2/29 HPs)
             Began as a Minotaur Hexslinger on July 6, 2023.
             Slain by an orc priest
             ... wielding a +0 trident
              (3 damage)
             ... on level 3 of the Dungeon.
             The game lasted 00:00:27 (1554 turns).

qw the Shooter (Minotaur Hexslinger)                Turns: 1554, Time: 00:00:28

Health: -2/29      AC:  5    Str: 12    XL:     3   Next: 28%
Magic:  3/3        EV: 11    Int: 10    God:
Gold:   27         SH:  0    Dex: 14    Spells: 3/4 levels left

rFire   . . .        Y - +1 sling
rCold   . . .        (no shield)
rNeg    . . .        a - +0 ring mail
rPois   .            (helmet restricted)
rElec   .            (no cloak)
rCorr   .            (no gloves)
SInv    .            (no boots)
Will    .....        (no amulet)
Stlth   +            (no ring)
HPRegen 0.24/turn    (no ring)
MPRegen 0.08/turn

%: no passive effects
@: no status effects
A: horns 2, retaliatory headbutt
a: no special abilities


You were on level 3 of the Dungeon.
You visited 1 branch of the dungeon, and saw 3 of its levels.

You collected 117 gold pieces.
You spent 90 gold pieces at shops.


Innate Abilities, Weirdness & Mutations

You have a pair of horns on your head.
You reflexively headbutt those who attack you in melee.


   Skills:
 - Level 2.0 Fighting
 + Level 3.8 Ranged Weapons
 - Level 2.1 Dodging
 - Level 1.0 Spellcasting
 - Level 2.0 Hexes


You had 3 spell levels left.
You knew the following spells:

 Your Spells              Type           Power      Damage    Failure   Level
a - Slow                  Hex            16%        N/A       34%         1

Your spell library contained the following spells:

 Spells                   Type           Power      Damage    Failure   Level
 Inner Flame              Hex/Fire       2%         N/A       83%         3
 Portal Projectile        Hex/Tloc       4%         N/A       83%         3
 Cause Fear               Hex            2%         N/A       98%         4

Inventory:

Hand Weapons
 Y - a +1 sling (weapon)
Armour
 a - a +0 ring mail (worn)
Scrolls
 b - a scroll of identify
 j - a scroll of enchant armour
Potions
 d - a potion of resistance
 e - a potion of brilliance {unknown}
 f - a potion of might {unknown}
 g - 3 potions of curing
 h - a potion of enlightenment {unknown}
 i - a potion of heal wounds {unknown}

Dungeon Overview and Level Annotations

Branches:
Dungeon (3/15)

Altars:

Shops:
D:2 ?

Annotations:
D:3 exclusion: 2 orc priests


Message History

You shoot a sling bullet. The sling bullet hits the orc priest.
The orc priest is moderately wounded.
The orc priest hits you from afar with a +0 trident.
You shoot a sling bullet. The sling bullet hits the orc priest.
The orc priest is heavily wounded.
The orc priest hits you from afar with a +0 trident.
You shoot a sling bullet.
The sling bullet hits the orc priest but does no damage.
The orc priest is heavily wounded.
The orc priest misses you.
The orc priest hits you from afar with a +0 trident.
1545 ||| FLEEEEING.
1546 ||| FLEEEEING.
1547 ||| FLEEEEING.
You shoot a sling bullet.
The sling bullet closely misses the orc priest.
You shoot a sling bullet. The sling bullet hits the orc priest.
The orc priest is heavily wounded.
The orc priest closely misses you.
You shoot a sling bullet.
The sling bullet hits the orc priest but does no damage.
The orc priest is heavily wounded.
The orc priest mumbles some strange prayers to Beogh against you.
Pain shoots through your body!
The orc priest begins to cast a cantrip, but forgets the words!
You shoot a sling bullet. The sling bullet hits the orc priest.
The orc priest is severely wounded.
The orc priest hits you from afar with a +0 trident.
You shoot a sling bullet.
The sling bullet closely misses the orc priest.
The orc priest barely misses you.
You shoot a sling bullet.
The sling bullet hits the orc priest but does no damage.
The orc priest is severely wounded.
The orc priest invokes the aid of Beogh against you.
Pain shoots through your body! The orc priest closely misses you.
You shoot a sling bullet.
The sling bullet barely misses the orc priest.
The orc priest hits you from afar with a +0 trident.
You die...

#.# #.#? #.#.#.# ##.#.
#...#.# #....
###..##.##########.###
...................#..
###..##.##########....
#..##.# ##....
######..##.# #.....
#.......@..# #.....
#.#####.#### #.....
#o# ##.... #.# ##...
#.######## ##..
#......... <...
#......#.[ ....
########


You could see an orc priest.

Vanquished Creatures
  An adder (D:2)
  A worm (D:2)
  2 dart slugs (D:1)
  A ball python (D:1)
  2 bats (D:2)
  5 giant cockroaches
  4 goblins (D:2)
  A hobgoblin (D:1)
  3 frilled lizards
  A kobold (D:2)
  2 rats
23 creatures vanquished.

Notes
Turn   | Place    | Note
-------+----------+-------------------------------------------
     0 | D:1      | qw the Minotaur Hexslinger began the quest for the Orb.
     0 | D:1      | Reached XP level 1. HP: 16/16 MP: 1/1
     0 | D:1      | Noticed an orb of fire
     0 | D:1      | Noticed an ice dragon
     0 | D:1      | 0 ||| qw: Version: 0.3-a-46-gb1f654a
     0 | D:1      | 0 ||| qw: Game counter: 1543
     0 | D:1      | 0 ||| qw: Melee chars always use a shield: true
     0 | D:1      | 0 ||| qw: God list: Okawaru
     0 | D:1      | 0 ||| qw: Allow faded altars: false
     0 | D:1      | 0 ||| qw: Do Orc after clearing Dungeon:15 true
     0 | D:1      | 0 ||| qw: Do second Lair branch before Depths: true
     0 | D:1      | 0 ||| qw: Lair rune preference: random
     0 | D:1      | 0 ||| qw: Goals: Normal
     0 | D:1      | 0 ||| PLANNING D:1-11
     1 | D:1      | Noticed an ice dragon
     2 | D:1      | Noticed an iron dragon
     7 | D:1      | Noticed a tentacled monstrosity
     9 | D:1      | Noticed an iron dragon
    11 | D:1      | Noticed a tentacled monstrosity
    13 | D:1      | Noticed an iron dragon
    15 | D:1      | Noticed an iron dragon
    15 | D:1      | Noticed a shadow dragon
    17 | D:1      | Noticed a large abomination
    17 | D:1      | Noticed an ice dragon
    19 | D:1      | Noticed a tentacled monstrosity
    19 | D:1      | Noticed an ice dragon
   316 | D:1      | Reached skill level 3 in Ranged Weapons
   316 | D:1      | Reached XP level 2. HP: 23/23 MP: 2/2
   815 | D:1      | 815 ||| READING scroll labelled UCUAVV GUT YGH.
   816 | D:1      | 816 ||| READING scroll labelled OSENAJORUNN.
   817 | D:1      | 817 ||| READING scroll labelled ATADEK DAOGOOST.
   918 | D:1      | 918 ||| READING scroll labelled GARAXEGROEFE.
   919 | D:1      | 919 ||| DRINKING 2 inky potions.
   920 | D:1      | 920 ||| DROPPING scroll of poison.
   946 | D:2      | 946 ||| STAIRDANCE
  1124 | D:2      | Reached XP level 3. HP: 29/29 MP: 3/3
  1392 | D:2      | Found Evidaxom's Magic Scroll Shop.
  1400 | D:2      | 1400 ||| BUYING scroll of enchant armour (90 gold).
  1400 | D:2      | Bought a scroll of enchant armour for 90 gold pieces
  1400 | D:2      | 1400 ||| SHOPLISTING scroll of teleportation (36 gold, have
                  | 27).
  1463 | D:2      | 1463 ||| UPGRADING to +0 ring mail.
  1473 | D:2      | 1473 ||| DROPPING +0 robe.
  1474 | D:2      | 1474 ||| READING scroll labelled HAUDIE COROARPH.
  1475 | D:2      | 1475 ||| READING 2 scrolls of identify.
  1475 | D:2      | 1475 ||| IDENTIFYING clear potion
  1545 | D:3      | 1545 ||| FLEEEEING.
  1546 | D:3      | 1546 ||| FLEEEEING.
  1547 | D:3      | 1547 ||| FLEEEEING.
  1550 | D:3      | HP: 6/29 [orc priest/nerve-wracking pain (10)]
  1553 | D:3      | HP: 1/29 [orc priest/nerve-wracking pain (4)]
  1554 | D:3      | Slain by an orc priest

Levels and vault maps discovered:
D:1:      shiori_arrival_whats_in_store_for_you, layout_loops_corners
D:2:      layout_rooms, serial_shops, shop, kennysheep_generic_room_9
D:3:      layout_loops_ring, tso_metal_star, chequers_serial_rivers_micro_c

Skill      XL: |  1  2 |
---------------+-------+-----
Ranged Weapons | 3 |  3.8
Fighting       | 2 |  2.0
Dodging        | |  2.1
Spellcasting   | |  1.0
Hexes          | |  2.0

Action                     || total
---------------------------++-------
   Fire: Sling             ||    87
    Use: Scroll            ||     6
         Potion            ||     1
 Armour: Robe              ||     5
  Dodge: Dodged            ||    27

Table legend:
 A = Non-vault XP
 B = Vault XP
 C = Vault XP percentage of total XP
 D = Non-vault monster count
 E = Vault monster count
 F = Vault count percentage of total count
                 A         B        C        D         E       F
            +---------+---------+-------+---------+---------+-------
      Total |      57 |       0 |   0.0 |      23 |       0 |   0.0
            +---------+---------+-------+---------+---------+-------
        D:1 |      21 |       0 |   0.0 |      10 |       0 |   0.0
        D:2 |      36 |       0 |   0.0 |      13 |       0 |   0.0
            +---------+---------+-------+---------+---------+-------
